 Dungeon Crawl Stone Soup version 0.29.1-1-gd02db6906a (webtiles) character file.

Game seed: 16134211754008567808

225 Sabo the Gusty (level 5, -3/37 HPs)
             Began as a Demonspawn Air Elementalist on Sept 22, 2022.
             Was a Follower of Qazlal.
             Slain by Natasha (4 damage)
             ... on level 3 of the Dungeon.
             The game lasted 00:29:25 (4651 turns).

Sabo the Gusty (Demonspawn Air Elementalist)        Turns: 4651, Time: 00:29:25

Health: -3/37      AC:  6    Str:  8    XL:     5   Next: 68%
Magic:  8/18       EV: 12    Int: 18    God:    Qazlal [*.....]
Gold:   150        SH:  1    Dex: 14    Spells: 8/9 levels left

rFire   . . .      SeeInvis .   m - +2 sling (flame)
rCold   . . .      Faith    .   (no shield)
rNeg    . . .      Spirit   .   a - +0 robe
rPois   .          Reflect  .   q - +0 helmet
rElec   .          Harm     .   (no cloak)
rCorr   .          Rampage  .   (no gloves)
Will    .....                   (no boots)
Stlth   ++........              (no amulet)
HPRegen 0.12/turn               e - ring of magical power
MPRegen 0.16/turn               (no ring)

@: slowed, very slow
A: claws 1, slimy green scales 2
a: Renounce Religion


You were on level 3 of the Dungeon.
You worshipped Qazlal.
Qazlal was aware of your devotion.
You visited 1 branch of the dungeon, and saw 3 of its levels.

You collected 150 gold pieces.

Inventory:

Hand Weapons
 f - a +0 hand axe of flaming
 m - a +2 sling of flaming (weapon)
Missiles
 j - 4 javelins
Armour
 a - a +0 robe (worn)
 q - a +0 helmet (worn)
Jewellery
 e - a ring of magical power (left claw)
Scrolls
 g - a scroll of poison
 h - a scroll of teleportation
 n - a scroll of fear
Potions
 b - a potion of magic
 c - 3 potions of ambrosia {unknown}
 d - a potion of curing {unknown}
 i - 2 potions of attraction {unknown}
 k - a potion of degeneration {unknown}
 l - 2 potions of heal wounds
 o - a potion of berserk rage {unknown}
 p - 2 potions of cancellation {unknown}
 r - 3 potions of resistance {unknown}


   Skills:
 + Level 1.0 Fighting
 + Level 0.2 Axes
 + Level 1.7 Ranged Weapons
 + Level 0.2 Throwing
 + Level 2.2 Dodging
 + Level 2.2 Stealth
 + Level 2.9 Spellcasting
 + Level 2.3 Conjurations
 + Level 3.8 Air Magic


You had 8 spell levels left.
You knew the following spells:

 Your Spells              Type           Power      Damage    Failure   Level
a - Shock                 Conj/Air       52%        1d6       4%          1

Your spell library contained the following spells:

 Spells                   Type           Power      Damage    Failure   Level
 Static Discharge         Conj/Air       13%        3-5/arc   7%          2
 Swiftness                Air            16%        N/A       11%         3
 Airstrike                Air            8%         2d(2-18)  34%         4
 Confusing Touch          Hex            2%         N/A       45%         3
 Animate Armour           Summ/Erth      4%         N/A       86%         4
 Blade Hands              Tmut           1%         N/A       99%         5
 Yara's Violent Unravell  Hex/Tmut       1%         3d3       99%         5
 Iron Shot                Conj/Erth      3%         9d2       100%        6
 Enfeeble                 Hex            1%         N/A       100%        7


Dungeon Overview and Level Annotations

Branches:
Dungeon (3/15)

Altars:
Qazlal

Annotations:
D:3 Natasha


Innate Abilities, Weirdness & Mutations

You have sharp fingernails.
You are mostly covered in slimy green scales. (AC +3)


Message History

Aim: Natasha, carrying a wand of flame (26) (60% to hit)
The zap hits Natasha.
Natasha is lightly wounded.
Natasha mumbles some strange words.
The crimson imp summons a swarm of flies.
Natasha casts a spell at you.
You feel as though you will be slow longer.
The crimson imp closely misses you.
The crimson imp attacks as you move away!
The crimson imp closely misses you. Natasha claws you.
Natasha attacks as you move away! Natasha claws you.
Natasha stares at you and mumbles some strange words.
The magic dart hits you!
The crimson imp blinks! x2
Natasha stares at you and mumbles some strange words.
The magic dart hits you.
Natasha zaps a wand.
The puff of flame hits you.
* * * LOW HITPOINT WARNING * * *
Casting: Shock (safe; 4% risk of failure)
Confirm with . or Enter, or press ? or * to list all spells.
Aiming: Shock (safe; 4% risk of failure)
Press: ? - help, Shift-Dir - straight line, f/p - Natasha
Aim: Natasha, carrying a wand of flame (25) (lightly wounded, 60% to hit)
The zap hits Natasha.
Natasha is lightly wounded.
The zap hits the crimson imp.
The crimson imp is lightly wounded.
Natasha hisses.
The crimson imp blinks!
Natasha zaps a wand.
The puff of flame hits you!
* * * LOW HITPOINT WARNING * * *
Casting: Shock (safe; 4% risk of failure)
Confirm with . or Enter, or press ? or * to list all spells.
Aiming: Shock (safe; 4% risk of failure)
Press: ? - help, Shift-Dir - straight line, f/p - Natasha
Aim: Natasha, carrying a wand of flame (24) (lightly wounded, 60% to hit)
The zap hits Natasha.
Natasha is heavily wounded.
The zap hits the crimson imp.
The crimson imp is lightly wounded.
Natasha claws you.
You die...

#.... #. #.#..#
#'..5######..##.#..#
................#..####
#.....###..##.......#
##...................#
#.....5###.###)......#
#.#####.# #.......# #h#
#.......# #@# #.#
#.......# #.# #.#
#.......# #.# #.#
#.####### #.# #.# #.#
##### #.# #.# #.# ...#
#(# #.# #.#
#.####.###.###.#
#..............#
#..........#####


You could see Natasha and 2 crimson imps.

Vanquished Creatures
  An ogre (D:3)
  Natasha (twice) (D:3)
  An adder (D:3)
  A worm (D:3)
  A dart slug (D:1)
  An orc (D:3)
  3 ball pythons
  4 endoplasms
  2 giant cockroaches
  10 goblins
  6 hobgoblins
  14 jackals
  4 quokkas
  5 bats
  4 frilled lizards
  7 kobolds
  4 rats
70 creatures vanquished.

Vanquished Creatures (others)
  8 plants (D:3)
  14 withered plants (D:3)
22 creatures vanquished.

Grand Total: 92 creatures vanquished

Notes
Turn   | Place    | Note
-------+----------+-------------------------------------------
     0 | D:1      | Sabo the Demonspawn Air Elementalist began the quest for
                  | the Orb.
     0 | D:1      | Reached XP level 1. HP: 13/13 MP: 3/3
   595 | D:1      | Reached skill level 3 in Air Magic
   734 | D:1      | Gained mutation: You are partially covered in slimy green
                  | scales. (AC +2) [demonic ancestry]
   734 | D:1      | Reached XP level 2. HP: 19/19 MP: 3/5
  1371 | D:1      | Gained mutation: You have sharp fingernails. [demonic
                  | ancestry]
  1371 | D:1      | Reached XP level 3. HP: 24/24 MP: 4/6
  2896 | D:2      | You fall into a shaft and drop 1 floor!
  2952 | D:3      | Noticed Natasha
  2964 | D:3      | Killed Natasha
  2965 | D:3      | Reached XP level 4. HP: 19/31 MP: 1/7
  3996 | D:3      | Noticed Natasha
  4008 | D:3      | Killed Natasha
  4009 | D:3      | Reached skill level 1 in Ranged Weapons
  4241 | D:3      | Gained mutation: You are mostly covered in slimy green
                  | scales. (AC +3) [demonic ancestry]
  4241 | D:3      | Reached XP level 5. HP: 36/36 MP: 8/8
  4287 | D:3      | Found a faded altar of an unknown god.
  4297 | D:3      | Noticed an ogre
  4306 | D:3      | Killed an ogre
  4307 | D:3      | Reached skill level 1 in Fighting
  4364 | D:3      | Prayed at the altar of an unknown god.
  4364 | D:3      | Became a worshipper of Qazlal Stormbringer
  4364 | D:3      | Reached * piety under Qazlal
  4635 | D:3      | Noticed Natasha
  4650 | D:3      | HP: 1/37 [Natasha/puff of flame (7)]
  4651 | D:3      | Slain by Natasha

Illustrated notes

Levels and vault maps discovered:
D:1:      roderic_chinese_lattice_arrival, layout_basic, feat_on_display
D:2:      layout_rooms
D:3:      layout_loops_ring, shapermc_ecumenical_altar_flowoftime, uniq_natasha,
          uniq_crazy_yiuf_cottage

Skill      XL: |  1  2  3  4  5 |
---------------+----------------+-----
Air Magic      | 3 |  3.8
Stealth        | 2 |  2.2
Dodging        | 2 |  2.2
Ranged Weapons | 1 |  1.7
Conjurations   | 2 |  2.3
Fighting       | 1 |  1.0
Axes           | |  0.2
Throwing       | |  0.2
Spellcasting   | |  2.9

Action                   |  1- 3 |  4- 6 || total
-------------------------+-------+-------++-------
Melee: Hand axe          |    49 |       ||    49
       Unarmed           |    15 |       ||    15
 Fire: Sling             |     7 |    14 ||    21
Throw: Javelin           |     8 |       ||     8
 Cast: Shock             |    87 |    68 ||   155
  Use: Scroll            |     1 |     2 ||     3
Armor: Robe              |    22 |     5 ||    27
Dodge: Dodged            |    54 |    17 ||    71
